 Dungeon Crawl Stone Soup version 0.20.2 (webtiles) character file.

74 Alfie the Shooter (level 4, -7/37 HPs)
             Began as a Minotaur Hunter on Mar 26, 2020.
             Mangled by Sigmund
             ... wielding a +2 scythe of holy wrath
              (11 damage)
             ... on level 2 of the Dungeon.
             The game lasted 00:04:43 (1122 turns).

Alfie the Shooter (Minotaur Hunter)                 Turns: 1122, Time: 00:04:44

Health: -7/37      AC:  4    Str: 17    XL:     4   Next: 10%
Magic:  3/3        EV: 12    Int:  8    God:
Gold:   42         SH:  0    Dex: 11    Spells: 3/3 levels left

rFire    . . .     SeeInvis .   b - +0 short sword
rCold    . . .     Gourm    .   (no shield)
rNeg     . . .     Faith    .   c - +1 leather armour
rPois    .         Spirit   .   (helmet restricted)
rElec    .         Reflect  .   (no cloak)
rCorr    .         Harm     .   (no gloves)
MR       .....                  (no boots)
Stlth    +.........             (no amulet)
Regen    0.2/turn               (no ring)
MPRegen  0.1/turn               (no ring)

@: no status effects
A: retaliatory headbutt, horns 2
a: no special abilities


You were on level 2 of the Dungeon.
You were not hungry.

You visited 1 branch of the dungeon, and saw 2 of its levels.

You collected 42 gold pieces.

Inventory:

Hand Weapons
 a - a +1 shortbow
 b - a +0 short sword (weapon)
Missiles
 d - 23 arrows
Armour
 c - a +1 leather armour (worn)
Scrolls
 e - a scroll of identify
 g - 2 scrolls of amnesia
Potions
 h - a potion of agility {unknown}
Comestibles
 f - a bread ration


   Skills:
 + Level 2.7 Fighting
 + Level 1.0 Short Blades
 + Level 5.5 Bows
 + Level 1.4 Armour
 + Level 2.5 Dodging
 + Level 0.7 Stealth


You had 3 spell levels left.
You didn't know any spells.

Dungeon Overview and Level Annotations

Branches:
Dungeon (2/15)

Altars:
Ashenzari

Annotations:
D:2 Sigmund


Innate Abilities, Weirdness & Mutations

You reflexively headbutt those who attack you in melee.
You have a pair of horns on your head.


Message History

Sigmund gestures wildly while chanting.
Sigmund flickers and vanishes!
Deactivating autopickup; reactivate with Ctrl-A.
Firing (i - inventory):
d - 23 arrows (quivered)
Press: ? - help, Shift-Dir - straight line, f - you Really target yourself?
Okay, then.
Firing (i - inventory):
d - 23 arrows (quivered)
Press: ? - help, Shift-Dir - straight line, f - you Really target yourself?
Okay, then.
Wield which item (- for none, * to show all)? (? for menu, Esc to quit)
b - a +0 short sword (weapon)
Something hits you.
You bump into the rock wall.
You feel less confused. Something hits you!
* * * LOW HITPOINT WARNING * * *
You hit something but do no damage. Something hits you!
You die...

#..# #.....# #..#
8...8# ####..### ##_##
# #.......####### .#
#.########..(# ####.
#.# #...##.... #.#
#(#(#.#.#.#.# #.#
#..((........ #.#
#(#.#@#.#.#. #.#
#....({......
#.########(#.#.#.#.#.#
#.........#......(..
##########)#.#.#.#.#.
#..))...........
#.#####.#.#.#.#(#
#.####...........
......#.#.#.#.#


There were no monsters in sight!

Vanquished Creatures
  Natasha (D:2)
  An adder (D:2)
  A dart slug (D:1)
  2 leopard geckos (D:1)
  A giant cockroach (D:2)
  3 goblins (D:1)
  5 hobgoblins
  10 kobolds
  A quokka (D:2)
  4 bats
  8 frilled lizards
  4 rats
41 creatures vanquished.

Notes
Turn   | Place    | Note
-------+----------+-------------------------------------------
     0 | D:1      | Alfie the Minotaur Hunter began the quest for the Orb.
     0 | D:1      | Reached XP level 1. HP: 18/18 MP: 0/0
    86 | D:1      | Reached XP level 2. HP: 19/25 MP: 1/1
   361 | D:1      | Reached skill level 5 in Bows
   845 | D:1      | Reached XP level 3. HP: 30/30 MP: 2/2
  1029 | D:2      | Noticed Natasha
  1042 | D:2      | Killed Natasha
  1042 | D:2      | Reached skill level 1 in Armour
  1042 | D:2      | Reached XP level 4. HP: 29/37 MP: 3/3
  1044 | D:2      | Reached skill level 1 in Short Blades
  1084 | D:2      | Found a shattered altar of Ashenzari.
  1092 | D:2      | Noticed Sigmund
  1122 | D:2      | Mangled by Sigmund

Skill      XL: |  1  2  3  4 |
---------------+-------------+-----
Bows           | 5 |  5.5
Armour         | 1 |  1.4
Short Blades   | 1 |  1.0
Fighting       | |  2.7
Dodging        | |  2.5
Stealth        | |  0.7

Action                   |  1- 3 |  4- 6 || total
-------------------------+-------+-------++-------
Melee: Short sword       |    70 |     4 ||    74
       Headbutt          |    14 |     2 ||    16
 Fire: Shortbow          |    12 |    29 ||    41
  Use: Scroll            |     3 |       ||     3
  Eat: Bread ration      |       |     1 ||     1
Armor: Leather armour    |    22 |     1 ||    23
Dodge: Dodged            |    53 |    11 ||    64
